 Dungeon Crawl Stone Soup version 0.27.0 (webtiles) character file.

Game seed: 898526338465952449

312 asterach the Sneak (level 6, -15/32 HPs)
             Began as a Vine Stalker Brigand on July 31, 2021.
             Demolished by an ogre (20 damage)
             ... on level 4 of the Dungeon.
             The game lasted 00:12:53 (4044 turns).

asterach the Sneak (Vine Stalker Brigand)           Turns: 4044, Time: 00:12:54

Health: -15/32     AC:  4    Str: 13    XL:     6   Next: 42%
Magic:  0/7        EV: 12    Int: 11    God:
Gold:   176        SH:  0    Dex: 18    Spells: 5/5 levels left

rFire    . . .     SeeInvis .   v - +2 short sword (speed)
rCold    . . .     Faith    .   (no shield)
rNeg     . . .     Spirit   +   b - +0 robe
rPois    .         Reflect  .   (no helmet)
rElec    .         Harm     .   c - +0 cloak
rCorr    .         Rampage  .   (no gloves)
Will     .....                  i - +0 pair of boots
Stlth    ++++......             (no amulet)
HPRegen  1.10/turn              (no ring)
MPRegen  0.10/turn              (no ring)

@: no status effects
A: fangs 2, regeneration 1, magic shield, antimagic bite, no potion heal 2
a: no special abilities


You were on level 4 of the Dungeon.
You visited 1 branch of the dungeon, and saw 4 of its levels.
You also visited: Sewer.

You collected 176 gold pieces.

Inventory:

Hand Weapons
 v - a +2 short sword of speed (weapon)
Missiles
 d - 20 poisoned darts (quivered)
 e - 2 curare-tipped darts
Armour
 b - a +0 robe (worn)
 c - a +0 cloak (worn)
 i - a +0 pair of boots (worn)
Scrolls
 k - a scroll of amnesia
 l - a scroll of brand weapon {unknown}
 m - a scroll of vulnerability {unknown}
 n - a scroll of silence {unknown}
 o - a scroll of magic mapping {unknown}
 r - 2 scrolls of immolation
 s - 2 scrolls of teleportation {unknown}
 t - a scroll of noise {unknown}
 u - 4 scrolls of fear {unknown}
Potions
 a - 2 potions of resistance {unknown}
 f - 2 potions of curing
 g - 2 potions of might
 h - a potion of brilliance
 j - a potion of cancellation {unknown}
 p - a potion of lignification {unknown}
 q - a potion of magic {unknown}


   Skills:
 + Level 2.9 Fighting
 + Level 3.2 Short Blades
 + Level 1.8 Throwing
 + Level 2.0 Dodging
 + Level 7.2 Stealth


You had 5 spell levels left.
You didn't know any spells.
Your spell library was empty.

Dungeon Overview and Level Annotations

Branches:
Dungeon (4/15)              Sewer (visited)
 Temple: D:4-7

Altars:
Makhleb
Nemelex Xobeh

Shops:
D:2 [

Annotations:
D:3 1 runed translucent door, pikapanic92's ghost, weakling PaFi
D:4 Menkaure


Innate Abilities, Weirdness & Mutations

You have extremely sharp teeth.
Your natural rate of healing is unusually fast.
When hurt, damage is shared between your health and your magic reserves.
Your bite disrupts and absorbs the magic of your enemies.
Potions cannot restore your health.


Message History

Your unstable footing causes you to fumble your attack.
You enter the shallow water.
Moving in this stuff is going to be slow.
There is a gate leading back out of this place here.
Welcome back to the Dungeon!
Level annotation: Menkaure
There is a collapsed entrance here.
There is a large open door here.
You enter the shallow water.
Moving in this stuff is going to be slow.
An ogre comes into view. It is wielding a +0 giant club.
The ogre shouts!
An ogre is nearby!
There is a large open door here.
You hit the ogre. You bite the ogre. You drain its power.
The ogre is moderately wounded.
The ogre hits you with a +0 giant club!
You puncture the ogre!
The ogre is heavily wounded.
You barely miss the ogre.
The ogre is heavily wounded.
The ogre hits you with a +0 giant club!!
Ouch! That really hurt!
You closely miss the ogre. You bite the ogre. You drain its power.
You feel invigorated.
The ogre is severely wounded.
You hit the ogre. You bite the ogre. You drain its power.
You feel invigorated.
The ogre is severely wounded.
The ogre hits you with a +0 giant club!
* * * LOW HITPOINT WARNING * * *
You hit the ogre. Your bite misses the ogre.
The ogre is almost dead.
You hit the ogre but do no damage. You bite the ogre. You drain its power.
You feel invigorated.
The ogre is almost dead.
You barely miss the ogre.
The ogre is almost dead.
The ogre hits you with a +0 giant club!!
Ouch! That really hurt!
You die...

....§§§. ##
#.§§§§§§Z§§#.
..##......§..§.. ..
#...§..§§§..# ..
#....[...... ### .
#.......... ..#
.####......#### ###.#
##...##..'##≈≈###≈#.#
...####..#≈≈≈≈≈O@≈#.#
.### ##..#≈≈≈≈≈≈'.#.#
## #...'##≈≈###≈#)# #
#.....####.###.# #
#..............#
##............## ####
##......###### ...#
###...## ...## #####


You could see an ogre.

Vanquished Creatures
  A black bear (D:4)
  An iguana (D:4)
  A scorpion zombie (D:4)
  8 adders
  A river rat (D:4)
  2 adder zombies (D:4)
  A worm (D:2)
  2 dart slugs
  An orc (D:4)
  6 ball pythons
  8 endoplasms
  3 giant cockroaches
  A goblin (D:1)
  5 hobgoblins
  14 jackals
  7 kobolds
  2 quokkas (D:3)
  5 bats
  4 frilled lizards
  2 rats (D:1)
75 creatures vanquished.

Vanquished Creatures (others)
  14 plants (Sewer)
14 creatures vanquished.

Grand Total: 89 creatures vanquished

Notes
Turn   | Place    | Note
-------+----------+-------------------------------------------
     0 | D:1      | asterach the Vine Stalker Brigand began the quest for the
                  | Orb.
     0 | D:1      | Reached XP level 1. HP: 11/11 MP: 2/2
    26 | D:1      | Reached skill level 5 in Stealth
    57 | D:1      | Reached XP level 2. HP: 15/15 MP: 3/3
   707 | D:1      | Reached skill level 6 in Stealth
   707 | D:1      | Reached XP level 3. HP: 16/18 MP: 4/4
  1339 | D:2      | Found Pixiyc's Armour Boutique.
  1886 | D:2      | Reached skill level 1 in Dodging
  1886 | D:2      | Gained mutation: Your natural rate of healing is unusually
                  | fast. [Vine Stalker growth]
  1886 | D:2      | Reached XP level 4. HP: 6/23 MP: 1/5
  2238 | D:3      | Found a runed translucent door.
  2438 | D:3      | Found a faded altar of an unknown god.
  2580 | D:3      | Noticed pikapanic92's ghost (weakling PaFi)
  2769 | D:4      | Reached XP level 5. HP: 16/27 MP: 1/6
  2837 | D:4      | Noticed Menkaure
  2872 | D:4      | Noticed a black bear
  2913 | D:4      | HP: 1/27 [black bear (3)]
  2914 | D:4      | Killed a black bear
  2915 | D:4      | Reached skill level 7 in Stealth
  2988 | D:4      | Reached XP level 6. HP: 32/32 MP: 7/7
  2994 | D:4      | Found a sparkling altar of Nemelex Xobeh.
  2994 | D:4      | Found a burning altar of Makhleb.
  3100 | D:4      | Found a glowing drain.
  3104 | Sewer    | Entered a sewer
  4044 | D:4      | Demolished by an ogre

Illustrated notes

Levels and vault maps discovered:
D:1:      matt_arrival_diagonals, layout_rooms
D:2:      layout_basic, serial_shops, nicolae_shop_stone, grunt_decor_junction
D:3:      layout_basic, ebering_ghost_sewer_d, basic_ecumenical_altar
D:4:      layout_cave_pods, mainiacjoe_overflow_divided_tiny,
          grunt_gozag_breadcrumbs, minmay_temple_entry_overgrown,
          gup_sewer_entry_bowl, serial_undead, serial_undead_a, serial_undead_f,
          serial_undead_c, serial_undead_e, serial_shops, shop, uniq_menkaure

Skill      XL: |  1  2  3  4  5  6 |
---------------+-------------------+-----
Stealth        | 5 6 7 |  7.2
Fighting       | 2 |  2.9
Short Blades   | 2 3 |  3.2
Dodging        | 1 2 |  2.0
Throwing       | |  1.8

Action                   |  1- 3 |  4- 6 || total
-------------------------+-------+-------++-------
Melee: Dagger            |    87 |   123 ||   210
       Bite              |    27 |    54 ||    81
       Short sword       |       |    42 ||    42
  Use: Potion            |     2 |     4 ||     6
       Scroll            |     1 |     2 ||     3
 Stab: Sleeping          |    10 |     7 ||    17
       Distracted        |       |     2 ||     2
Armor: Robe              |    14 |    39 ||    53
Dodge: Dodged            |    29 |    77 ||   106
